 Dungeon Crawl Stone Soup version 0.30-a0-743-gbfdf073431 (webtiles) character file.

Game seed: 7119907797127627169

71143 Crownlay the Earth Mage (level 15, -5/93 HPs)
             Began as a Gargoyle Earth Elementalist on Feb 4, 2023.
             Was an Elder of Sif Muna.
             Slain by a manticore (24 damage)
             ... on level 12 of the Dungeon on Feb 5, 2023.
             The game lasted 01:06:49 (24846 turns).

Crownlay the Earth Mage (GrEE)                     Turns: 24846, Time: 01:06:49

Health: -5/93      AC:  0    Str: 11    XL:     15   Next: 35%
Magic:  22/29      EV: 14    Int: 24    God:    Sif Muna [****..]
Gold:   1536       SH:  5    Dex: 10    Spells: 17/34 levels left

rFire   . . .      SeeInvis .    (weapon currently unavailable)
rCold   . . .      Faith    .    (shield currently unavailable)
rNeg    + . .      Spirit   .    (body armour currently unavailable)
rPois   ∞          Reflect  +    (helmet currently unavailable)
rElec   .          Harm     .    (cloak currently unavailable)
rCorr   .          Rampage  .    (gloves currently unavailable)
Will    +....                    (boots currently unavailable)
Stlth   ++                       E - amulet of reflection
HPRegen 0.35/turn                (ring currently unavailable)
MPRegen 0.21/turn                (ring currently unavailable)

@: pig-form, very quick
A: fast, no casting, sickness immunity, AC +11, small, (big wings), negative
energy resistance 1, (electricity resistance), torment resistance 1,
petrification resistance
a: Renounce Religion, Channel Magic, Forget Spell, Divine Exegesis


You were on level 12 of the Dungeon.
You worshipped Sif Muna.
Sif Muna was greatly pleased with you.
You were a filthy swine.
You visited 4 branches of the dungeon, and saw 21 of its levels.
You also visited: Volcano.

You collected 2197 gold pieces.
You spent 661 gold pieces at shops.

Inventory:

Hand Weapons
 J - a +6 trident (melded)
Missiles
 r - a throwing net
 I - 6 curare-tipped darts
Armour
 c - a +0 pair of gloves (melded)
 h - a +1 hat (melded)
 q - +5 steam dragon scales (melded)
 s - a +0 cloak (melded)
 t - a +1 leather armour of cold resistance
Jewellery
 d - an amulet of magic regeneration
 z - a ring of resist corrosion (melded)
 D - a +4 ring of slaying (melded)
 E - an amulet of reflection (around neck)
 H - a ring of protection from cold
 K - an amulet of regeneration
 R - a ring of see invisible
Wands
 j - a wand of charming (27)
 k - a wand of quicksilver (7)
 A - a wand of flame (24)
 L - a wand of polymorph (1)
 S - a wand of iceblast (8)
Scrolls
 e - 3 scrolls of amnesia
 f - 2 scrolls of blinking
 i - 6 scrolls of teleportation
 n - 4 scrolls of fog
 o - 5 scrolls of immolation
 v - 3 scrolls of magic mapping
 y - 2 scrolls of poison
 B - 4 scrolls of vulnerability
 G - 2 scrolls of brand weapon {unknown}
 Q - 2 scrolls of torment {unknown}
 T - a scroll of enchant armour
Potions
 a - 3 potions of berserk rage
 b - 4 potions of magic
 g - 4 potions of flight
 l - 3 potions of heal wounds
 m - 12 potions of curing
 p - 5 potions of invisibility
 u - 2 potions of brilliance
 w - a potion of resistance {unknown}
 x - 2 potions of attraction
 C - 3 potions of might
 F - 2 potions of ambrosia
 M - 2 potions of haste
 O - 3 potions of lignification
Miscellaneous
 N - a box of beasts (inert)


   Skills:
 * Level 10.4 Fighting
 - Level 1.5 Dodging
 - Level 2.1 Stealth
 + Level 10.0 Spellcasting
 + Level 6.0 Conjurations
 - Level 3.0 Hexes
 + Level 7.2 Summonings
 - Level 3.0 Translocations
 - Level 0.7 Transmutations
 * Level 10.8 Fire Magic
 - Level 15.0 Earth Magic
 - Level 10.0 Invocations
 - Level 8.0 Evocations


You had 17 spell levels left.
You knew the following spells:

 Your Spells              Type           Power      Damage    Failure   Level
a - Sandblast             Erth           100%       2d20      0%          1
b - Stone Arrow           Conj/Erth      100%       3d13      1%          3
c - Dazzling Flash        Conj/Hex       66%        N/A       2%          3
d - Lee's Rapid Deconstr  Erth           35%        3d18*     1%          5
e - Borgnjor's Vile Clut  Necr/Erth      24%        N/A       7%          5

Your spell library contained the following spells:

 Spells                   Type           Power      Damage    Failure   Level
 Foxfire                  Conj/Fire      100%       2x1d9     1%          1
 Magic Dart               Conj           100%       1d8       1%          1
 Call Imp                 Summ           46%        N/A       1%          2
 Momentum Strike          Conj/Tloc      66%        3d9       1%          2
 Passwall                 Tmut/Erth      40%        N/A       1%          2
 Inner Flame              Hex/Fire       45%        N/A       1%          3
 Animate Armour           Summ/Erth      100%       N/A       1%          4
 Leda's Liquefaction      Hex/Erth       26%        N/A       1%          4
 Petrify                  Tmut/Erth      49%        N/A       1%          4
 Sticky Flame             Conj/Fire      51%        2d7       1%          4
 Blink                    Tloc           52%        N/A       2%          2
 Lesser Beckoning         Tloc           52%        N/A       2%          2
 Confusing Touch          Hex            26%        N/A       4%          3
 Gell's Gravitas          Tloc           26%        N/A       4%          3
 Teleport Other           Tloc           26%        N/A       4%          3
 Necrotise                Necr           48%        1d6       5%          1
 Mephitic Cloud           Conj/Pois/Air  21%        N/A       7%          3
 Poisonous Vapours        Pois/Air       24%        N/A       8%          2
 Fulminant Prism          Conj/Hex       16%        3d11      9%          4
 Iskenderun's Mystic Bla  Conj/Tloc      33%        2d8       9%          4
 Summon Lightning Spire   Summ/Air       29%        N/A       12%         4
 Vampiric Draining        Necr           12%        2d6       16%         3
 Manifold Assault         Tloc           26%        N/A       16%         4
 Passage of Golubria      Tloc           26%        N/A       16%         4
 Starburst                Conj/Fire      25%        6d8       26%         6
 Anguish                  Hex/Necr       9%         N/A       28%         4
 Airstrike                Air            6%         2d(1-17)  45%         4
 Metabolic Englaciation   Hex/Ice        9%         N/A       61%         5
 Silence                  Hex/Air        9%         N/A       61%         5
 Alistair's Intoxication  Tmut/Pois      8%         N/A       77%         5
 Agony                    Necr           12%        N/A       82%         5
 Eringya's Noxious Bog    Tmut/Pois      6%         N/A       100%        6
 Enfeeble                 Hex            13%        N/A       100%        7
 Storm Form               Tmut/Air       6%         N/A       100%        7
 Maxwell's Capacitive Co  Air            6%         ∞         100%        8
 Cigotuvi's Dreadful Rot  Necr/Pois/Air  Unusable   N/A       N/A         2

Dungeon Overview and Level Annotations

Branches:
Dungeon (13/15)            Temple (1/1) D:4            Lair (5/5) D:9
 Shoals (0/4) Lair:3        Snake (0/4) Lair:3        Slime (0/5) Lair:5
    Orc (2/2) D:10            Elf (0/3) Orc:2       Volcano (visited)
 Vaults: D:13-14

Altars:
Ashenzari
Cheibriados
Dithmenos
Elyvilon
Fedhas
Gozag
Hepliaklqana
Kikubaaqudgha
Makhleb
Nemelex Xobeh
Okawaru
Qazlal
Ru
Sif Muna
Trog
Uskayaw
Vehumet
Wu Jian
Xom
Yredelemnul
Zin
The Shining One
Jiyva
Lugonu

Shops:
D:2 (   Orc:2 :*[(

Portals:
Trove: D:12 (give +8 demon whip)

Annotations:
D:12 Kirke
Lair:1 3 runed translucent doors, steamdo11's ghost, novice FeSu
Lair:4 exclusion: oklob plant


Innate Abilities, Weirdness & Mutations

You are a filthy swine.
You move quickly.
Your equipment is almost entirely melded.
You are incapable of wielding weapons or throwing items.
You cannot cast spells.
You are immune to sickness and miasma.
((Your stone body is resilient. (AC +11)))
You are immune to poison.
((Your large and strong wings let you fly.))
You resist negative energy. (rN+)
((You are resistant to electric shocks. (rElec)))
You are resistant to unholy torment.
You are immune to petrification.


Message History

Aiming: Sandblast (safe; 0% risk of failure)
Press: ? - help, Shift-Dir - straight line, f - Kirke
Aim: Kirke, wielding a +0 long sword (85% to hit)
Okay, then.
Press: ? - help, v - describe, . - travel
Here: Kirke, wielding a +0 long sword The floor.
Casting: Sandblast (safe; 0% risk of failure)
Confirm with . or Enter, or press ? or * to list all spells.
Aiming: Sandblast (safe; 0% risk of failure)
Press: ? - help, Shift-Dir - straight line, f - Kirke
Aim: Kirke, wielding a +0 long sword (85% to hit)
The blast of sand hits Kirke!!!
Kirke is moderately wounded.
The hog barely misses you. You block the howler monkey's attack.
Kirke hits you but does no damage. The manticore barely misses you.
The manticore claws you but does no damage.
The manticore misses you. The hog bites you.
The howler monkey barely misses you.
Casting: Sandblast (safe; 0% risk of failure)
Confirm with . or Enter, or press ? or * to list all spells.
Aiming: Sandblast (safe; 0% risk of failure)
Press: ? - help, Shift-Dir - straight line, f/p - Kirke
Aim: Kirke, wielding a +0 long sword (moderately wounded, 85% to hit)
The blast of sand hits Kirke!!
Kirke is heavily wounded.
The howler monkey is no longer blind.
The hog closely misses you. Kirke gestures at you while chanting.
You turn into a filthy swine.
Your +6 trident melds into your body.
Your +0 cloak melds into your body.
Your +1 hat melds into your body.
Your +0 pair of gloves melds into your body.
Your +5 steam dragon scales melds into your body.
Your ring of resist corrosion melds into your body.
Your +4 ring of slaying melds into your body.
The manticore barely misses you. The manticore claws you! x2
The howler monkey hits you. The hog barely misses you.
Kirke hits you with a +0 long sword!
* * * LOW HITPOINT WARNING * * *
The manticore bites you!!
You die...

#.# ##.......##### #.# ##.....##
# #.# ###.### #.# #...# #.# ##..#
##########.##############..######
.!...............................
...............@Q................
................hh###############
.......).......H.h#
.......>..........#
........†.........#
..................#
..................#
..................#
..................###############
.................................


You could see Kirke, a manticore, a hog (blind), a tengu conjurer (blind) and a
howler monkey.

Vanquished Creatures
  An orc warlord (Orc:2)
  3 catoblepae (Lair:5)
  8 hydras
  The ghost of nago the Fighter, a journeyman DjHW of Makhleb (D:10)
  A tengu warrior (D:12)
  9 death yaks
  3 orc high priests (Orc:2)
  Sonja (D:10)
  A hell knight (Volcano)
  A salamander mystic (Volcano)
  Amaemon (Lair:2)
  Pikel (D:8)
  A lindwurm (Lair:5)
  2 deep elf pyromancers (D:12)
  4 orc knights
  3 orc sorcerers (Orc:2)
  2 cyclopes
  3 manticores
  9 elephants (Lair:5)
  5 salamanders
  A spectral centaur (D:10)
  A black mamba (Lair:4)
  3 centaur zombies (D:10)
  2 torpor snails
  An orange demon (Lair:2)
  12 cane toads
  An unseen horror (D:12)
  Psyche (D:8)
  A rime drake (Lair:4)
  9 komodo dragons
  2 polar bears
  A wind drake (Lair:3)
  7 hornets
  5 trolls
  3 blink frogs (Lair:4)
  7 dream sheep (Lair:5)
  A spectral meliai (D:10)
  2 meliai zombies (D:10)
  A centaur simulacrum (D:10)
  6 slime creatures (D:12)
  Sigmund (D:6)
  A wyvern (Lair:2)
  A wraith (D:11)
  78 yaks
  2 basilisks
  3 fire bats (Orc:2)
  5 steam dragons
  5 wargs
  An acid dragon (D:9)
  14 water moccasins
  An ice beast (D:4)
  30 orc warriors
  A black bear (D:7)
  3 sky beasts
  9 ogres
  9 wolves
  9 centaurs
  4 lemures (D:8)
  A kobold brigand (D:9)
  2 necrophages
  2 gnoll sergeants
  4 scorpions
  12 bullfrogs
  19 wights
  14 killer bees
  8 howler monkeys (D:9)
  4 lava snakes (Lair:3)
  2 hounds
  12 jellies
  14 orc priests
  A gnoll bouda (D:6)
  2 iguanas
  A boggart zombie (D:10)
  29 orc wizards
  14 gnolls
  12 adders
  2 shadow imps
  A white imp (D:6)
  2 dart slugs (D:4)
  88 orcs
  5 endoplasms
  4 giant cockroaches
  4 goblins
  8 hobgoblins
  4 jackals
  7 quokkas
  10 ball pythons
  2 bats (D:1)
  3 frilled lizards
  7 kobolds
  9 rats
613 creatures vanquished.

Vanquished Creatures (collateral kills)
  An orc high priest (Orc:2)
  An orc warrior (Orc:2)
  An orc priest (Orc:2)
  An orc wizard (Orc:2)
4 creatures vanquished.

Vanquished Creatures (others)
  31 fungi
  55 plants
86 creatures vanquished.

Grand Total: 703 creatures vanquished

Notes
Turn   | Place    | Note
-------+----------+-------------------------------------------
     0 | D:1      | Crownlay the Gargoyle Earth Elementalist began the quest
                  | for the Orb.
     0 | D:1      | Reached XP level 1. HP: 10/10 MP: 3/3
   109 | D:1      | Reached skill level 4 in Earth Magic
   159 | D:1      | Reached XP level 2. HP: 15/15 MP: 5/5
  1142 | D:2      | Reached skill level 5 in Earth Magic
  1142 | D:2      | Reached XP level 3. HP: 19/19 MP: 6/6
  1364 | D:2      | Reached XP level 4. HP: 24/24 MP: 5/7
  1381 | D:2      | Learned a level 3 spell: Stone Arrow
  1409 | D:2      | Reached skill level 6 in Earth Magic
  1598 | D:2      | Found Madopusch's Weapon Boutique.
  2209 | D:3      | Reached XP level 5. HP: 28/28 MP: 6/8
  2530 | D:4      | Reached skill level 7 in Earth Magic
  2660 | D:4      | Reached XP level 6. HP: 32/32 MP: 7/9
  2677 | D:4      | Reached skill level 8 in Earth Magic
  2745 | D:4      | Found a staircase to the Ecumenical Temple.
  2751 | Temple   | Entered the Ecumenical Temple
  3042 | D:4      | Found a sacrificial altar of Ru.
  3046 | D:4      | Noticed an ice beast
  3051 | D:4      | Killed an ice beast
  3280 | D:5      | Entered Level 5 of the Dungeon
  3295 | D:5      | Found a bloodstained altar of Trog.
  3297 | D:5      | Reached skill level 9 in Earth Magic
  3329 | D:5      | Reached XP level 7. HP: 22/36 MP: 6/10
  3548 | D:5      | Reached skill level 10 in Earth Magic
  3576 | D:5      | Reached skill level 1 in Fighting
  3725 | D:5      | Reached XP level 8. HP: 45/45 MP: 10/12
  4329 | D:6      | You fall into a shaft and drop 1 floor!
  4465 | D:6      | Reached skill level 5 in Fighting
  4465 | D:6      | Reached skill level 5 in Spellcasting
  4662 | D:6      | Reached XP level 9. HP: 55/55 MP: 15/17
  4711 | D:6      | Noticed Sigmund
  4720 | D:6      | Killed Sigmund
  5252 | D:7      | Reached skill level 1 in Fire Magic
  5312 | D:7      | Reached skill level 1 in Evocations
  5385 | D:7      | Found a shadowy altar of Dithmenos.
  5694 | D:7      | Reached skill level 1 in Hexes
  5694 | D:7      | Reached skill level 1 in Translocations
  5755 | D:8      | Noticed Psyche
  5757 | D:8      | Killed Psyche
  5855 | D:8      | Noticed Pikel
  5862 | D:8      | Killed Pikel
  5863 | D:8      | Reached XP level 10. HP: 49/63 MP: 17/19
  5997 | D:8      | Reached skill level 11 in Earth Magic
  6405 | D:8      | Found a hide-covered altar of Uskayaw.
  6764 | D:9      | Upgraded the game from 0.30-a0-739-gea05faddec to
                  | 0.30-a0-743-gbfdf073431
  6966 | Temple   | Became a worshipper of Sif Muna the Loreminder
  7325 | D:9      | Reached skill level 1 in Invocations
  7380 | D:9      | Found an ancient bone altar of Kikubaaqudgha.
  7387 | D:9      | Found a white marble altar of Elyvilon.
  7390 | D:9      | Found a shimmering altar of Xom.
  7390 | D:9      | Found a snail-covered altar of Cheibriados.
  7402 | D:9      | Found an opulent altar of Gozag.
  7569 | D:9      | Reached skill level 12 in Earth Magic
  7569 | D:9      | Reached XP level 11. HP: 62/68 MP: 18/21
  7594 | D:9      | Found an ornate altar of the Wu Jian Council.
  7594 | D:9      | Found a blossoming altar of Fedhas.
  7672 | D:9      | Reached * piety under Sif Muna
  7885 | D:9      | Found a staircase to the Lair.
  8007 | D:10     | Entered Level 10 of the Dungeon
  8101 | D:10     | Noticed Sonja
  8122 | D:10     | Killed Sonja
  8196 | D:10     | Reached skill level 5 in Fire Magic
  8379 | D:10     | Found a radiant altar of Vehumet.
  8486 | D:10     | Reached ** piety under Sif Muna
  8596 | D:10     | Found a staircase to the Orcish Mines.
  8727 | D:10     | Found a stormy altar of Qazlal.
  8762 | D:10     | Found a glowing silver altar of Zin.
  8781 | D:10     | Found a runed translucent gate.
  8783 | D:10     | Found a runed translucent gate.
  8784 | D:10     | Found a runed translucent gate.
  8786 | D:10     | Noticed nago's ghost (journeyman DjHW)
  8881 | D:10     | Reached skill level 5 in Evocations
  8883 | D:10     | Found a basalt altar of Yredelemnul.
  9031 | Lair:1   | Entered Level 1 of the Lair of Beasts
  9081 | Lair:1   | Found a runed translucent gate.
  9081 | Lair:1   | Found a runed translucent gate.
  9081 | Lair:1   | Found a runed translucent gate.
  9082 | Lair:1   | Noticed steamdo11's ghost (novice FeSu)
  9240 | Lair:1   | Reached skill level 1 in Conjurations
  9272 | Lair:1   | Reached skill level 5 in Invocations
  9662 | Lair:1   | Reached XP level 12. HP: 65/73 MP: 22/24
 10284 | Lair:2   | Noticed a six-headed hydra
 10292 | Lair:2   | Killed a six-headed hydra
 10356 | Lair:2   | Noticed Amaemon
 10358 | Lair:2   | Noticed a four-headed hydra
 10370 | Lair:2   | Killed a four-headed hydra
 10370 | Lair:2   | Reached *** piety under Sif Muna
 10419 | Lair:2   | Killed Amaemon
 11226 | Lair:3   | Found a staircase to the Shoals.
 11240 | Lair:3   | Reached skill level 5 in Conjurations
 11932 | Lair:3   | Found a staircase to the Snake Pit.
 12399 | Lair:3   | Identified the +1 flail of Ignis's Esteem {freeze, Dex+2}
 12614 | Lair:4   | Noticed a five-headed hydra
 12619 | Lair:4   | Killed a five-headed hydra
 12620 | Lair:4   | Reached skill level 1 in Summonings
 12620 | Lair:4   | Reached XP level 13. HP: 55/78 MP: 21/26
 13059 | Lair:4   | Reached **** piety under Sif Muna
 13229 | Lair:4   | Identified the +4 trident of Indomitability {vamp, rC-
                  | Str+3 Int+2}
 13693 | Lair:5   | Entered Level 5 of the Lair of Beasts
 13955 | Lair:5   | Reached skill level 10 in Spellcasting
 15043 | Lair:5   | Reached skill level 10 in Invocations
 15161 | Lair:5   | Reached skill level 5 in Summonings
 15161 | Lair:5   | Gained mutation: Your large and strong wings let you fly.
                  | [Gargoyle growth]
 15161 | Lair:5   | Reached XP level 14. HP: 63/84 MP: 11/28
 15269 | Lair:5   | Learned a level 3 spell: Dazzling Flash
 15489 | Lair:5   | Reached ***** piety under Sif Muna
 15722 | Lair:5   | Found a viscous altar of Jiyva.
 15723 | Lair:5   | Found a staircase to the Slime Pits.
 16612 | Lair:5   | Reached skill level 13 in Earth Magic
 16816 | Lair:5   | Received a gift from Sif Muna
 16819 | Lair:5   | Got Sif Muna's Guide on Flashy Bedrock {god gift}
 16826 | Lair:5   | Learned a level 5 spell: Lee's Rapid Deconstruction
 17958 | Orc:1    | Entered Level 1 of the Orcish Mines
 18111 | D:10     | Killed nago's ghost
 18112 | D:10     | Reached skill level 10 in Fire Magic
 18112 | D:10     | Reached skill level 14 in Earth Magic
 18645 | Orc:2    | Entered Level 2 of the Orcish Mines
 19001 | Orc:2    | Found a dark tunnel.
 19010 | Volcano  | Entered a volcano
 19846 | Orc:2    | Reached skill level 15 in Earth Magic
 20626 | Orc:2    | Reached XP level 15. HP: 81/89 MP: 16/29
 21347 | Orc:2    | Found a staircase to the Elven Halls.
 21390 | Orc:2    | Noticed an orc warlord
 21395 | Orc:2    | Received a gift from Sif Muna
 21399 | Orc:2    | Got Sif Muna's Foundations of Witchcraft {god gift}
 21411 | Orc:2    | Killed an orc warlord
 21751 | Orc:2    | Found Idwocw's Antique Armour Boutique.
 21752 | Orc:2    | Found Comui's Antique Weapon Boutique.
 21754 | Orc:2    | Found Lumy's General Store.
 21754 | Orc:2    | Found Hemoiza's Book Shop.
 21759 | Orc:2    | Bought a transparent robe for 171 gold pieces
 21759 | Orc:2    | Identified the +0 robe of the Hidden Vale {rElec Str-2
                  | Dex+3} (You bought it in a shop on level 2 of the Orcish
                  | Mines)
 21771 | Orc:2    | Bought 2 potions of degeneration for 22 gold pieces
 21771 | Orc:2    | Bought a scroll of fog for 44 gold pieces
 21771 | Orc:2    | Bought a potion of brilliance for 44 gold pieces
 21775 | Orc:2    | Bought Great Wizards, Vol. II for 380 gold pieces
 21781 | Orc:2    | Learned a level 5 spell: Borgnjor's Vile Clutch
 22873 | D:11     | Identified the +1 war axe of the Key {heavy, rPois}
 23002 | D:11     | Reached skill level 10 in Fighting
 23811 | D:12     | Found a portal to a secret trove of treasure.
 24254 | D:12     | Got Ts'ui Pên's Quarto of Forking Paths
 24261 | D:12     | Got Wenat's Compendium of Plaster Cramp
 24281 | D:12     | Got Vuynonig's Encyclopedia of Dhcmrlchtdj
 24840 | D:13     | Noticed Kirke
 24846 | D:12     | Slain by a manticore

Illustrated notes

Levels and vault maps discovered:
D:1:      giann_forest_graveyard, layout_basic, chequers_serial_rivers_micro_b,
          minmay_3d_cube
D:2:      layout_loops_corners, serial_shops, shop
D:3:      layout_loops_ring
D:4:      layout_basic, kennysheep_mini, minmay_temple_entry_fiery
D:5:      layout_basic, trog_butcher_becter, interstate_on_off
D:6:      cheibrodos_steamvent, layout_gridville, uniq_sigmund
D:7:      layout_basic, nicolae_dithmenos_through_a_glass_darkly,
          nicolae_fountain_basement
D:8:      layout_basic, eat_drink_and_be_merry_uskayaw, uniq_pikel, uniq_psyche
D:9:      layout_rooms, nicolae_overflow_hallway_of_the_gods,
          gammafunk_temple_overflow_wave, grunt_lair_entry_orc_guard_hut
D:10:     layout_loops_ring, zin_statuary, nicolae_qazlal_style_of_elements,
          nicolae_vehumet_altar_sigil, lemuel_zombie_altar_yredelemnul,
          hiddenorc1_lemuel, gammafunk_ghost_necromancy,
          minmay_misc_feat_encased, uniq_sonja
D:11:     layout_roguey, hangedman_decor_peaks_small
D:12:     layout_long_grid, enter_trove_1, bh_hangedman_babel_library
D:13:     minmay_swirls_squares, layout_cross, uniq_kirke
Temple:   corrupted_temple
Lair:1:   layout_cave_pods, gammafunk_ghost_split, grunt_megastairs_5
Lair:2:   layout_loops_ring, uniq_amaemon
Lair:3:   layout_regular_city, minmay_shoals_entry_beasts,
          nicolae_snake_entry_warm_welcome, dreamdust_wasp_nest
Lair:4:   layout_roguey
Lair:5:   evilmike_catoblepas_cave, layout_cave_pods,
          minmay_slime_entry_jelly_boxes
Orc:1:    layout_caves
Orc:2:    st_orc_congregation, layout_caves, nicolae_volcano_entry_batcave,
          basic_altar, nicolae_orc_damp_corner

Skill      XL: |  1  2  3  4  5  6  7  8  9 10 11 12 13 14 15 |
---------------+----------------------------------------------+-----
Earth Magic    | 4 5 6 7 9 10 12 15 | 15.0
Fighting       | 2 6 7 8 10 | 10.4
Spellcasting   | 3 5 6 7 8 9 10 | 10.0
Fire Magic     | 2 3 6 8 10 | 10.8
Evocations     | 2 3 6 7 8 |  8.0
Hexes          | 1 3 |  3.0
Translocations | 1 3 |  3.0
Invocations    | 2 5 8 10 | 10.0
Conjurations   | 2 6 |  6.0
Summonings     | 1 5 6 7 |  7.2
Dodging        | |  1.5
Stealth        | |  2.1
Transmutations | |  0.7

Action                     |  1- 3 |  4- 6 |  7- 9 | 10-12 | 13-15 || total
---------------------------+-------+-------+-------+-------+-------++-------
  Melee: Unarmed           |     4 |       |       |       |       ||     4
         Spear             |     1 |     3 |     1 |     4 |    34 ||    43
         Trident           |       |       |       |       |     5 ||     5
  Throw: Throwing net      |       |       |     1 |       |       ||     1
   Cast: Sandblast         |    40 |   101 |   137 |   459 |   606 ||  1343
         Stone Arrow       |       |     2 |     2 |     9 |   245 ||   258
         Lee's Rapid Decon |       |       |       |       |    12 ||    12
         Dazzling Flash    |       |       |       |       |     4 ||     4
 Invoke: Channel Magic     |       |       |       |       |     5 ||     5
  Evoke: Wand              |       |       |       |       |     5 ||     5
         Box of beasts     |       |       |       |       |     1 ||     1
    Use: Scroll            |       |       |    14 |     6 |    14 ||    34
         Potion            |       |       |       |     4 |     4 ||     8
   Stab: Sleeping          |     1 |       |       |       |       ||     1
 Armour: Robe              |     7 |    30 |     8 |       |       ||    45
         Steam dragon scal |       |       |    56 |   266 |   490 ||   812
         Skin              |       |       |       |    36 |       ||    36
  Dodge: Dodged            |    11 |    44 |    71 |   238 |   394 ||   758
  Block: Other             |       |       |       |     6 |   187 ||   193
         Reflection        |       |       |       |       |    11 ||    11

Table legend: (Time is in decaauts)
 A = Elapsed time spent in this place.
 B = Non-inter-level travel time spent in this place.
 C = Inter-level travel time spent in this place.
 D = Time resting spent in this place.
 E = Time spent auto-exploring this place.
 F = Levels seen in this place.
 G = Mean time per level.
                   A        B        C        D        E       F      G
               +--------+--------+--------+--------+--------+-----+--------+
         Total |  25566 |  24254 |   1312 |   1343 |  17920 |  22 | 1162.1 |
       Dungeon |  11999 |  11099 |    900 |      0 |   9246 |  13 |  923.0 |
        Temple |    195 |    145 |     50 |      0 |     23 |   1 |  195.0 |
          Lair |   9129 |   8878 |    251 |    585 |   6424 |   5 | 1825.8 |
  Orcish Mines |   3627 |   3518 |    109 |    758 |   1724 |   2 | 1813.5 |
       Volcano |    614 |    614 |      0 |      0 |    503 |   1 |  614.0 |
               +--------+--------+--------+--------+--------+-----+--------+

Top non-repeatable levels by time:
  Lair:5: 3999 daAuts
   Orc:2: 2937 daAuts
    D:10: 1605 daAuts
  Lair:3: 1507 daAuts
    D:12: 1368 daAuts
  Lair:4: 1347 daAuts
  Lair:1: 1338 daAuts
     D:8: 1154 daAuts
     D:1: 1028 daAuts
     D:5: 984 daAuts
     D:9: 974 daAuts
  Lair:2: 935 daAuts
     D:6: 911 daAuts
    D:11: 891 daAuts
     D:2: 825 daAuts
